 Dungeon Crawl Stone Soup version 0.14-a0-1378-gf8e6a88 (webtiles) character file.

428 Mitsuki the Stinger (level 6, 0/36 HPs)
             Began as an Octopode Venom Mage on Dec 8, 2013.
             Was an Initiate of Sif Muna.
             Succumbed to an orc's poison
             ... on Level 4 of the Dungeon.
             The game lasted 00:41:13 (4596 turns).

Mitsuki the Stinger (Octopode Venom Mage)           Turns: 4596, Time: 00:41:13

HP   0/36        AC  1     Str  8      XL: 6   Next:  2%
MP  13/13        EV 12     Int 19      God: Sif Muna [......]
Gold 200         SH  0     Dex 12      Spells:  2 memorised,  7 levels left

rFire  . . .     SeeInvis .     (no weapon)
rCold  . . .     Clarity  .     (no shield)
rNeg   + . .     Conserve .     (helmet restricted)
rPois  .         rCorr    .     p - cursed amulet of warding {unknown}
rElec  .         rRot     .     (no ring)
SustAb . .       Spirit   .     (no ring)
rMut   .         Warding  +     (no ring)
Saprov . . .     Stasis   .     (no ring)
                                (no ring)
                                (no ring)
                                (no ring)
                                (no ring)

@: mildly poisoned, slightly resistant to hostile enchantments, quite stealthy
A: almost no armour, amphibious, 8 rings, constrict 8, camouflage 1, gelatinous
body 1
a: Renounce Religion


You were on level 4 of the Dungeon.
You worshipped Sif Muna.
Sif Muna was noncommittal.
You were not hungry.

You visited 1 branch of the dungeon, and saw 4 of its levels.

You collected 200 gold pieces.

Inventory:

Magical devices
 h - a wand of teleportation (3)
Scrolls
 a - 2 scrolls of remove curse
 d - a scroll of teleportation
 i - a scroll of curse armour {unknown}
 k - a scroll of enchant weapon I
Jewellery
 p - a cursed amulet of warding (around mantle) {unknown}
Potions
 c - a potion of agility
 e - a potion of curing
 g - a potion of speed {unknown}
Books
 b - a Young Poisoner's Handbook

   Spells                             Type                      Level
   *Sting                             Conjuration/Poison           1
   Cure Poison                        Poison                       2
   *Mephitic Cloud                    Conjuration/Poison/Air       3
   Olgreb's Toxic Radiance            Poison                       4
   Venom Bolt                         Conjuration/Poison           5


   Skills:
 + Level 2.2 Dodging
 + Level 3.4 Stealth
 + Level 3.2 Spellcasting
 + Level 2.3 Conjurations
 + Level 6.6 Poison Magic
 + Level 0.2 Evocations


You had 7 spell levels left.
You knew the following spells:

 Your Spells              Type           Power        Failure   Level  Hunger
a - Sting                 Conj/Pois      ###.         2%          1    None
b - Mephitic Cloud        Conj/Pois/Air  ##......     14%         3    ###....


Dungeon Overview and Level Annotations

Branches:
Dungeon (4/16)
 Temple: D:4-7

Altars:
Sif Muna

Annotations:
D:3 thfral's ghost, weakling DjFi


Innate Abilities, Weirdness & Mutations

You cannot wear most types of armour.
You are amphibious.
You can wear up to eight rings at the same time.
You can use your tentacles to constrict many enemies at once.
Your skin changes colour to match your surroundings (Stlth).
Your rubbery body absorbs attacks (AC +1).


Message History

You feel sick.
You start resting.
* * * LOW HITPOINT WARNING * * *
You feel sick.
You start resting.
* * * LOW HITPOINT WARNING * * *
You feel sick.
You start resting.
Magic restored.
You start resting.
* * * LOW HITPOINT WARNING * * *
You feel sick.
You start resting.
* * * LOW HITPOINT WARNING * * *
You feel sick.
You feel a little better.
You start resting.
* * * LOW HITPOINT WARNING * * *
You feel sick.
You start resting.
You die...

##### ########## ....#
#........# ....# #........#
....# #.>......# ##
....#####........# #.##♣
....'...'.......@#######...♣♣
....#####.........(...).♣o♣♣♣♣♣♣
'#....# #........######.P♣......
.#.##+###........# ##♣♣......♣
.#<.....#####'##.#####.♣.......
.#)[....##..%....##.♣......♣..♣
.#......##.........♣...P...P♣P.
##......##......##.P.P.....P♣♣.♣
.#...[..##......##P.....P.♣♣P.♣


There were no monsters in sight!

Vanquished Creatures
  An orc wizard (D:3)
  4 worker ants (D:4)
  Jessica (D:1)
  2 adders
  A giant mite (D:3)
  A worm (D:4)
  A giant gecko (D:1)
  6 orcs (D:4)
  10 bats
  5 goblins
  8 hobgoblins
  2 jackals (D:4)
  2 ball pythons (D:3)
  4 giant cockroaches
  2 giant newts
  8 kobolds
  5 rats
  2 plants (D:4)
65 creatures vanquished.

Notes
Turn   | Place    | Note
--------------------------------------------------------------
     0 | D:1      | Mitsuki, the Octopode Venom Mage, began the quest for the Orb.
     0 | D:1      | Reached XP level 1. HP: 11/11 MP: 3/3
   208 | D:1      | Reached skill level 5 in Poison Magic
   402 | D:1      | Reached XP level 2. HP: 17/17 MP: 2/4
   775 | D:2      | Noticed Jessica
   897 | D:1      | Killed Jessica
   897 | D:1      | Reached XP level 3. HP: 12/21 MP: 1/6
  1690 | D:3      | Reached XP level 4. HP: 27/27 MP: 6/8
  1786 | D:3      | Noticed thfral's ghost (weakling DjFi)
  1883 | D:3      | Found a deep blue altar of Sif Muna.
  1886 | D:3      | Became a worshipper of Sif Muna the Loreminder
  2079 | D:3      | Learned a level 3 spell: Mephitic Cloud
  2174 | D:3      | Reached skill level 6 in Poison Magic
  2371 | D:3      | Reached skill level 1 in Conjurations
  2672 | D:4      | Reached XP level 5. HP: 31/31 MP: 7/10
  4517 | D:4      | Reached XP level 6. HP: 36/36 MP: 10/13
  4593 | D:4      | HP: 1/36 [poisoned by an orc]
  4596 | D:4      | Succumbed to an orc's poison

Action                   |  1- 3 |  4- 6 || total
-------------------------+-------+-------++-------
Melee: Unarmed           |       |    60 ||    60
 Cast: Sting             |    44 |    73 ||   117
       Mephitic Cloud    |       |     2 ||     2
Evoke: Wand              |       |     2 ||     2
  Use: Potion            |       |     4 ||     4
       Scroll            |       |    11 ||    11
